 Dungeon Crawl Stone Soup version 0.20-a0-924-gfa95efa (webtiles) character file.

345 FrankyJ the Covered (level 6, -6/39 HPs)
             Began as a Gargoyle Fighter on Mar 27, 2017.
             Mangled by an ogre
             ... wielding a +0 giant club
              (10 damage)
             ... on level 3 of the Dungeon.
             The game lasted 00:09:12 (2957 turns).

FrankyJ the Covered (Gargoyle Fighter)              Turns: 2957, Time: 00:09:12

Health: -6/39      AC: 15    Str: 20    XL:     6   Next: 58%
Magic:  6/6        EV:  8    Int:  8    God:
Gold:   179        SH:  9    Dex: 11    Spells: 5/5 levels left

rFire    . . .     SeeInvis .   a - +0 flail
rCold    . . .     Gourm    .   c - +0 shield
rNeg     + . .     Faith    .   b - +1 scale mail
rPois    ∞         Spirit   .   r - +2 helmet
rElec    +         Reflect  .   (no cloak)
rCorr    .         Harm     .   (no gloves)
MR       .....                  (no boots)
Stlth    ..........             (no amulet)
Regen    0.2/turn               (no ring)
MPRegen  0.1/turn               (no ring)

@: no status effects
A: negative energy resistance 1, electricity resistance, unbreathing,
petrification resistance, rot immunity, AC +4
a: no special abilities


You were on level 3 of the Dungeon.
You were not hungry.

You visited 1 branch of the dungeon, and saw 5 of its levels.

You collected 179 gold pieces.

Inventory:

Hand Weapons
 a - a +0 flail (weapon)
Missiles
 x - 2 tomahawks (quivered)
Armour
 b - a +1 scale mail (worn)
 c - a +0 shield (worn)
 r - a +2 helmet (worn)
Jewellery
 i - a cursed -2 ring of protection {unknown}
Wands
 p - a wand of flame (48/48)
Scrolls
 j - a scroll of recharging
 k - a scroll of amnesia {unknown}
 n - a scroll of identify
 o - a scroll of fog {unknown}
 s - a scroll of enchant armour
 t - a scroll of enchant weapon {unknown}
 u - a scroll of teleportation {unknown}
 w - 2 scrolls of remove curse {unknown}
 y - a scroll of magic mapping {unknown}
Potions
 d - a potion of brilliance {unknown}
 e - a potion of resistance {unknown}
 l - a potion of degeneration
 m - a potion of invisibility {unknown}
 z - a potion of haste {unknown}
Comestibles
 f - 2 bread rations
 g - 2 chunks of flesh
 h - 4 fruits
 q - 2 royal jellies
 v - a meat ration


   Skills:
 + Level 4.6 Fighting
 + Level 3.2 Maces & Flails
 + Level 4.8 Armour
 * Level 1.9 Dodging
 + Level 4.5 Shields


You had 5 spell levels left.
You didn't know any spells.

Dungeon Overview and Level Annotations

Branches:
Dungeon (5/15)             Temple (0/1) D:5

Altars:
Elyvilon
Sif Muna
Trog


Innate Abilities, Weirdness & Mutations

You are resistant to torment.
Your stone body is resilient. (AC +4)
You are immune to poison.
You resist negative energy. (rN+)
You are resistant to electric shocks. (rElec)
You can survive without breathing.
You are immune to petrification.
You are immune to rotting.


Message History

There is a stone staircase leading down here.
Okay, then.
As you read the scroll labeled TELOASIFA, it crumbles to dust.
It is a scroll of recharging.
Charge which item? (? for menu, Esc to quit)
Your wand of flame (?/48) glows for a moment.
You block the ogre's attack.
There is a stone staircase leading up here.
As you read the scroll labeled SYENLO WONEIFE, it crumbles to dust.
It is a scroll of identify.
l - a potion of degeneration The ogre completely misses you.
As you read the scroll labeled JIEHAO AXIGINAC, it crumbles to dust.
It is a scroll of enchant armour.
Your +0 scale mail glows green for a moment.
The ogre barely misses you.
You hit the ogre.
The ogre is moderately wounded.
The ogre hits you with a giant club!
You die...

#### ############ ...#
#..........# ...# ##..........#
...# ####### #...........# .>.#
#.....# #(..........#
...########.>...#####...........#
...............O@...(............
..........###########..)........#
..........# #...........#
..........# ##..........#
..........# ############
..........# ##########
..........# ##......).##
#.......### #.#.......#.
#.......# ##.#.......#


You could see an ogre.

Vanquished Creatures
  An orc priest (D:3)
  3 orc wizards
  3 worker ants (D:4)
  5 adders
  An ooze (D:2)
  An adder skeleton (D:4)
  2 worms
  2 dart slugs
  A leopard gecko (D:2)
  15 orcs
  10 bats
  3 giant cockroaches
  10 goblins
  8 hobgoblins
  A quokka (D:2)
  3 ball pythons (D:3)
  3 frilled lizards
  15 kobolds
  A leopard gecko skeleton (D:4)
  7 rats
95 creatures vanquished.

Notes
Turn   | Place    | Note
-------+----------+-------------------------------------------
     0 | D:1      | FrankyJ the Gargoyle Fighter began the quest for the Orb.
     0 | D:1      | Reached XP level 1. HP: 14/14 MP: 1/1
    88 | D:1      | Reached XP level 2. HP: 19/19 MP: 2/2
   493 | D:1      | Reached XP level 3. HP: 24/24 MP: 3/3
  1210 | D:2      | Found a bloodstained altar of Trog.
  1215 | D:2      | Found a deep blue altar of Sif Muna.
  1231 | D:2      | Reached XP level 4. HP: 29/29 MP: 4/4
  1795 | D:3      | Reached XP level 5. HP: 15/33 MP: 5/5
  1872 | D:3      | Reached skill level 1 in Dodging
  2538 | D:4      | Reached XP level 6. HP: 31/39 MP: 6/6
  2618 | D:4      | Found a white marble altar of Elyvilon.
  2925 | D:5      | Entered Level 5 of the Dungeon
  2925 | D:5      | Found a staircase to the Ecumenical Temple.
  2957 | D:3      | Mangled by an ogre

Vault maps used:
D:1:      lightli_arrival_maybe_door_vault
D:2:      minmay_kobold_bridge, minitemple, serial_co_window_serial,
          co_window_corner_a, co_window_corner_a, co_window_paths_a,
          co_window_paths_b, co_window_corner_a, co_window_corner_a,
          co_window_paths_b, co_window_of_opportunity_b, co_window_2corner,
          co_window_paths_c, co_window_corner_ca, co_window_unsneaky_path_a,
          co_window_broadway_b, co_window_4corner_a, glass_columns_a,
          glass_columns_a, glass_columns_a, minmay_close_crescents
D:3:      wad_pebble_path, first_bread
D:4:      elyvilon_altar_5
D:5:      lemuel_zombie_altar_yredelemnul, gammafunk_temple_overflow_claw,
          minmay_temple_entry_purple_smoke, uniq_grinder, uniq_sigmund,
          uniq_eustachio

Skill      XL: |  1  2  3  4  5 |
---------------+----------------+-----
Armour         | 4 |  4.8
Fighting       | 4 |  4.6
Maces & Flails | 3 |  3.2
Shields        | 4 |  4.5
Dodging        | 1 |  1.9

Action                   |  1- 3 |  4- 6 || total
-------------------------+-------+-------++-------
Melee: Flail             |   172 |   254 ||   426
  Use: Potion            |       |     1 ||     1
       Scroll            |       |     3 ||     3
  Eat: Chunk             |     1 |     7 ||     8
Armor: Scale mail        |   105 |   163 ||   268
Dodge: Dodged            |    89 |    92 ||   181
Block: Shield            |   124 |   149 ||   273
